 Dungeon Crawl Stone Soup version 0.30-a0-862-g1aabd4f9c5 (webtiles) character file.

Game seed: 4840122380373394891

114 FexLirch the Shooter (level 5, -2/29 HPs)
             Began as a Kobold Hexslinger on Mar 8, 2023.
             Slain by an orc wizard
             ... wielding a +0 dagger
              (3 damage)
             ... on level 3 of the Dungeon.
             The game lasted 00:07:07 (2256 turns).

FexLirch the Shooter (Kobold Hexslinger)            Turns: 2256, Time: 00:07:08

Health: -2/29      AC:  7    Str:  8    XL:     5   Next: 19%
Magic:  9/9        EV: 15    Int: 16    God:
Gold:   116        SH:  0    Dex: 15    Spells: 1/9 levels left

rFire   . . .      SeeInvis .    a - +1 sling
rCold   . . .      Faith    .    (no shield)
rNeg    . . .      Spirit   .    c - +0 robe
rPois   .          Reflect  .    m - +1 helmet
rElec   .          Rampage  .    t - +1 cloak
rCorr   .                        (no gloves)
Will    .....                    g - +0 pair of boots
Stlth   ++                       (no amulet)
HPRegen 0.24/turn                (no ring)
MPRegen 0.11/turn                (no ring)

@: on berserk cooldown, flying, slowed, very slow
A: small, no large weapons, nightstalker 3
a: no special abilities


You were on level 3 of the Dungeon.
You visited 1 branch of the dungeon, and saw 3 of its levels.

You collected 116 gold pieces.

Inventory:

Hand Weapons
 a - a +1 sling (weapon)
Missiles
 f - 5 poisoned darts
 i - 16 stones
 r - 2 silver boomerangs
Armour
 c - a +0 robe (worn)
 e - an orb of energy
 g - a +0 pair of boots (worn)
 m - a +1 helmet (worn)
 q - a +0 ring mail
 t - a +1 cloak (worn)
Jewellery
 u - an amulet of reflection
Scrolls
 b - a scroll of poison
 d - a scroll of enchant armour {unknown}
 j - 3 scrolls of teleportation {unknown}
 l - 3 scrolls of identify {unknown}
 n - a scroll of enchant weapon {unknown}
 o - a scroll of blinking {unknown}
 p - a scroll of magic mapping {unknown}
Potions
 s - a potion of resistance {unknown}


   Skills:
 - Level 1.1 Fighting
 + Level 4.2 Ranged Weapons
 - Level 2.4 Dodging
 + Level 2.7 Spellcasting
 + Level 4.0 Hexes
 + Level 0.1 Translocations


You had one spell level left.
You knew the following spells:

 Your Spells              Type           Power      Damage    Failure   Level
a - Slow                  Hex            60%        N/A       3%          1
b - Portal Projectile     Hex/Tloc       16%        N/A       24%         3
c - Cause Fear            Hex            7%         N/A       36%         4

Your spell library contained the following spells:

 Spells                   Type           Power      Damage    Failure   Level
 Sting                    Tmut/Pois      8%         1d3       19%         1
 Inner Flame              Hex/Fire       8%         N/A       26%         3
 Poisonous Vapours        Pois/Air       4%         N/A       28%         2
 Animate Dead             Necr           2%         N/A       88%         4
 Olgreb's Toxic Radiance  Pois           2%         N/A       88%         4
 Borgnjor's Vile Clutch   Necr/Erth      1%         N/A       99%         5
 Death Channel            Necr           1%         N/A       100%        6


Dungeon Overview and Level Annotations

Branches:
Dungeon (3/15)

Altars:
Ru


Innate Abilities, Weirdness & Mutations

You are small and have problems with some larger weapons.
You are completely attuned to the shadows.


Message History

Okay, then.
Unknown command.
You shoot a sling bullet. Something hits you.
* * * LOW HITPOINT WARNING * * *
Okay, then.
It was a potion of flight.
You feel very buoyant.
You fly up into the air.
Something hits you but does no damage.
It was a potion of berserk rage.
A red film seems to cover your vision as you go berserk!
You feel yourself moving faster!
You feel mighty! Something barely misses you.
You barely miss something. Something hits you but does no damage.
You are too berserk!
You are too berserk!
You are too berserk!
You are too berserk!
You are too berserk!
You are too berserk!
You are too berserk!
You are too berserk!
You are too berserk!
You are too berserk!
You are too berserk!
You are too berserk!
Unknown command.
Unknown command.
You are too berserk!
You clumsily bash something.
Something hits you.
* * * LOW HITPOINT WARNING * * *
You miss something. Something hits you.
* * * LOW HITPOINT WARNING * * *
You are too berserk!
You are too berserk!
Unknown command.
Unknown command.
You feel a strong urge to attack something.
You feel your anger nearly subside.
You are no longer berserk.
You are exhausted.
You feel yourself slow down. Something hits you.
You die...

#.##### ########### #......
#.........# #..#### #.#######.#
##..# #.#######.###...####
#..............[.... .###
#..######.###...#### ..#
#..######.####..#### #.#
#..@......##.......# ##.##
##.########.#######. ....# #.#
##.#..~~~..# ##o.#
#o######.#..~...~.. #.oo#
#)...##.#...~._.~.. #.#.##
###..###.#..~...~..
.....###########...####.#..~~~..#
..........)...........'..#######.
#....###########...####.........#


You could see an orc.

Vanquished Creatures
  A hound (D:1)
  2 adders (D:2)
  A worm (D:2)
  3 dart slugs
  2 orcs (D:3)
  2 bats (D:1)
  9 endoplasms
  3 giant cockroaches (D:2)
  3 goblins
  8 hobgoblins
  3 kobolds
  2 quokkas
  4 ball pythons (D:2)
  3 frilled lizards
  6 rats
52 creatures vanquished.

Vanquished Creatures (others)
  A plant (D:1)
1 creature vanquished.

Grand Total: 53 creatures vanquished

Notes
Turn   | Place    | Note
-------+----------+-------------------------------------------
     0 | D:1      | FexLirch the Kobold Hexslinger began the quest for the Orb.
     0 | D:1      | Reached XP level 1. HP: 12/12 MP: 2/2
    81 | D:1      | Reached XP level 2. HP: 16/16 MP: 4/4
   401 | D:1      | Reached XP level 3. HP: 20/20 MP: 5/5
   861 | D:1      | Found a faded altar of an unknown god.
  1264 | D:1      | Reached XP level 4. HP: 20/25 MP: 5/7
  1563 | D:2      | Reached XP level 5. HP: 29/29 MP: 8/8
  1909 | D:3      | Learned a level 3 spell: Portal Projectile
  1914 | D:3      | Learned a level 4 spell: Cause Fear
  1943 | D:3      | Found a sacrificial altar of Ru.
  2252 | D:3      | HP: 1/43 [something (4)]
  2256 | D:3      | Slain by an orc wizard

Illustrated notes

Levels and vault maps discovered:
D:1:      minmay_arrival_stair_chambers, layout_basic,
          dreamdust_ecumenical_altar_angels_and_demons, serial_bayou_ford_a
D:2:      layout_rooms
D:3:      layout_loops_corners, lemuel_doored_altar, nicolae_ru_awakened_eye,
          uniq_terence, uniq_sigmund

Skill      XL: |  1  2  3  4  5 |
---------------+----------------+-----
Ranged Weapons | 3 4 |  4.2
Spellcasting   | 2 |  2.7
Hexes          | 4 |  4.0
Fighting       | |  1.1
Dodging        | |  2.4
Translocations | |  0.1

Action                     |  1- 3 |  4- 6 || total
---------------------------+-------+-------++-------
  Melee: Sling             |       |     5 ||     5
   Fire: Sling             |    66 |    97 ||   163
   Cast: Slow              |     8 |     3 ||    11
    Use: Potion            |       |     2 ||     2
 Armour: Robe              |     5 |    28 ||    33
  Dodge: Dodged            |    40 |    57 ||    97

Table legend: (Time is in decaauts)
 A = Elapsed time spent in this place.
 B = Non-inter-level travel time spent in this place.
 C = Inter-level travel time spent in this place.
 D = Time resting spent in this place.
 E = Time spent auto-exploring this place.
 F = Levels seen in this place.
 G = Mean time per level.
                   A        B        C        D        E       F      G
               +--------+--------+--------+--------+--------+-----+--------+
         Total |   2304 |   2109 |    195 |      0 |   1661 |   3 |  768.0 |
       Dungeon |   2304 |   2109 |    195 |      0 |   1661 |   3 |  768.0 |
               +--------+--------+--------+--------+--------+-----+--------+

Top non-repeatable levels by time:
     D:1: 1210 daAuts
     D:2: 737 daAuts
     D:3: 356 daAuts
